 Dungeon Crawl Stone Soup version 0.26-a0-597-gb535b0901c (webtiles) character file.

Game seed: 15354811118122226228

22 Lanoc the Chiller (level 2, -2/19 HPs)
             Began as a Demonspawn Ice Elementalist on Sept 7, 2020.
             Killed from afar by an orc wizard (7 damage)
             ... with a magic dart
             ... on level 3 of the Dungeon.
             The game lasted 00:02:10 (946 turns).

Lanoc the Chiller (Demonspawn Ice Elementalist)      Turns: 946, Time: 00:02:10

Health: -2/19      AC:  2    Str:  8    XL:     2   Next: 68%
Magic:  3/5        EV: 12    Int: 16    God:
Gold:   77         SH:  0    Dex: 13    Spells: 4/5 levels left

rFire    + . .     SeeInvis .   (no weapon)
rCold    . . .     Faith    .   (no shield)
rNeg     . . .     Spirit   .   a - +0 robe
rPois    .         Reflect  .   (no helmet)
rElec    .         Harm     .   (no cloak)
rCorr    .                      (no gloves)
MR       .....                  (no boots)
Stlth    ++........             (no amulet)
HPRegen  0.06/turn              (no ring)
MPRegen  0.09/turn              (no ring)

@: slowed, very slow
A: fire resistance 1
a: no special abilities


You were on level 3 of the Dungeon.
You visited 1 branch of the dungeon, and saw 3 of its levels.

You collected 77 gold pieces.

Inventory:

Armour
 a - a +0 robe (worn)
Wands
 b - a wand of iceblast (9)
Scrolls
 c - a scroll of enchant weapon {unknown}


   Skills:
 + Level 2.2 Dodging
 - Level 1.7 Stealth
 - Level 2.0 Spellcasting
 * Level 4.1 Ice Magic


You had 4 spell levels left.
You knew the following spells:

 Your Spells              Type           Power        Failure   Level
a - Freeze                Ice            ###.         3%          1

Your spell library contained the following spells:

 Spells                   Type           Power        Failure   Level
 Frozen Ramparts          Ice            ###...       11%         3
 Ozocubu's Armour         Ice            ###.....     11%         3
 Hailstorm                Conj/Ice       #.......     65%         4
 Summon Ice Beast         Ice/Summ       #.......     65%         4


Dungeon Overview and Level Annotations

Branches:
Dungeon (3/15)

Altars:


Innate Abilities, Weirdness & Mutations

Your flesh is heat resistant. (rF+)


Message History

Aim: an orc, wearing a +0 scale mail (severely wounded)
You freeze the orc!
You kill the orc!
The orc throws a boomerang.
The boomerang barely misses you.
The weapon returns to the orc!
The hobgoblin hits you.
A giant cockroach comes into view.
The orc wizard mumbles some strange words.
The orc wizard blinks!
Found a stone staircase leading up.
The orc wizard mumbles some strange words.
The orc wizard blinks!
The orc wizard hits you with a +0 dagger.
* * * LOW HITPOINT WARNING * * *
The orc wizard gestures at you while chanting.
You feel yourself slow down. The orc wizard closely misses you.
The orc wizard gestures at you while chanting.
The magic dart hits you!
You die...

#..
#.#
...
#.#
#.#
#.#
#.#
#@#
#.###
#.og#
###S#
#.#
#.#
#.#
#o#
#.#


You could see an orc wizard (fast) and an adder.

Vanquished Creatures
  A dart slug (D:2)
  2 orcs (D:3)
  3 goblins
  3 hobgoblins (D:1)
  2 bats
  A frilled lizard (D:1)
  2 kobolds
  5 rats
19 creatures vanquished.

Notes
Turn   | Place    | Note
-------+----------+-------------------------------------------
     0 | D:1      | Lanoc the Demonspawn Ice Elementalist began the quest for
                  | the Orb.
     0 | D:1      | Reached XP level 1. HP: 13/13 MP: 3/3
   409 | D:2      | Gained mutation: Your flesh is heat resistant. (rF+)
                  | [demonic ancestry]
   409 | D:2      | Reached XP level 2. HP: 3/19 MP: 0/5
   464 | D:1      | Reached skill level 4 in Ice Magic
   946 | D:3      | Killed from afar by an orc wizard

Illustrated notes

Levels and vault maps discovered:
D:1:      elethiomel_arrival_maze, layout_basic, st_stairs_8
D:2:      layout_basic, fedhas_altar_2, uniq_terence, uniq_robin, uniq_sigmund,
          uniq_natasha
D:3:      layout_loops_ring, lemuel_round_altar, marbit_many_paths,
          gammafunk_ghost_icy, minmay_goblin_outpost

Skill      XL: |  1  2 |
---------------+-------+-----
Dodging        | 2 |  2.2
Ice Magic      | 4 |  4.1
Stealth        | |  1.7
Spellcasting   | |  2.0

Action                   || total
-------------------------++-------
Melee: Unarmed           ||    14
 Cast: Freeze            ||    32
  Use: Potion            ||     1
Armor: Robe              ||    12
Dodge: Dodged            ||    38

Table legend: (Time is in decaauts)
 A = Elapsed time spent in this place.
 B = Non-inter-level travel time spent in this place.
 C = Inter-level travel time spent in this place.
 D = Time resting spent in this place.
 E = Time spent auto-exploring this place.
 F = Levels seen in this place.
 G = Mean time per level.
                   A        B        C        D        E       F      G
               +--------+--------+--------+--------+--------+-----+--------+
         Total |    947 |    947 |      0 |     15 |    684 |   3 |  315.7 |
       Dungeon |    947 |    947 |      0 |     15 |    684 |   3 |  315.7 |
               +--------+--------+--------+--------+--------+-----+--------+

Top non-repeatable levels by time:
     D:1: 554 daAuts
     D:2: 210 daAuts
     D:3: 182 daAuts
